Map: Catalyst LE

Players

ViolentVik - Winner!

  • Race: Zerg Zerg
  • League: Diamond
  • Spawn Location: 11:00

Anhtai

  • Race: Protoss Protoss
  • League: Diamond
  • Spawn Location: 5:00

VOD

Have the link to the VOD?

Description

Time

  • Played on: Feb. 7, 2018, 12:30 p.m.
  • Length: 7:44
Show
View Real Time Build Order
Export as new Build Order

ViolentVik Zerg - Winner!

Build Orders: Pool First 

Get SALT Encoding   

  12  0:01  Drone  
  13  0:12  Overlord  
  13  0:18  Drone  
  14  0:34  Drone x2  
  16  0:37  Drone  
  17  1:00  Spawning Pool  
  17  1:01  Drone x2  
  17  1:02  Extractor  
  17  1:19  Drone x2  
  19  1:34  Drone  
  20  1:42  Overlord  
  20  1:44  Hatchery  
  19  1:54  Queen  
  19  1:56  Zergling x2  
  22  2:02  Metabolic Boost  
  22  2:12  Extractor  
  21  2:17  Roach Warren  
  21  2:22  Drone  
  21  2:23  Drone  
  21  2:29  Drone  
  23  2:38  Drone  
  24  2:49  Drone  
  25  2:57  Drone  
  25  3:00  Queen  
  25  3:03  Drone  
  28  3:09  Overlord  
  28  3:12  Roach x2  
  32  3:16  Roach  
  34  3:22  Spore Crawler  
  33  3:27  Drone  
  34  3:37  Ravager  
  35  3:43  Spine Crawler  
  35  3:48  Ravager x2  
  36  3:56  Queen  
  36  3:58  Roach x2  
  42  4:02  Overlord  
  42  4:09  Roach  
  44  4:25  Roach x3  
  44  4:28  Roach  
  52  4:33  Overlord  
  49  5:17  Roach x5  
  59  5:33  Overlord x3  
  59  5:47  Lair  
  59  5:55  Drone x3  
  59  6:00  Ravager x3  
  59  6:01  Ravager x2  
  59  6:03  Zergling x2  
  59  6:04  Zergling x2  
  59  6:06  Overlord  
  59  6:24  Zergling x14  
  59  6:34  Spine Crawler  
  59  6:39  Spine Crawler  
  59  6:42  Drone  
  59  7:27  Drone  
  59  7:28  Drone x9  
Show
View Real Time Build Order
Export as new Build Order

Anhtai Protoss 

Build Orders: Forge Fast Expand (FFE) 

Get SALT Encoding   

  12  0:03  Probe  
  13  0:15  Probe  
  14  0:22  Pylon  
  14  0:27  Probe  
  15  0:42  Probe  
  16  0:49  Forge  
  16  0:55  Pylon  
  16  0:57  Probe  
  17  1:29  Nexus  
  17  1:34  Gateway  
  17  1:38  Assimilator  
  17  1:40  Probe  
  18  1:53  Probe  
  19  2:05  Probe (Chrono Boost), Photon Cannon  
  19  2:06  Assimilator  
  20  2:15  Probe (Chrono Boost)  
  21  2:20  Probe (Chrono Boost)  
  22  2:26  Zealot (Chrono Boost)  
  22  2:27  Cybernetics Core  
  24  2:32  Probe (Chrono Boost)  
  25  2:45  Probe (Chrono Boost)  
  25  2:47  Pylon  
  27  2:54  Probe (Chrono Boost)  
  27  2:56  Probe (Chrono Boost)  
  28  3:01  Probe  
  28  3:05  Probe  
  30  3:08  Gateway  
  30  3:09  Warp Gate (Chrono Boost)  
  30  3:13  Probe  
  30  3:16  Sentry  
  30  3:18  Probe  
  34  3:28  Photon Cannon  
  34  3:30  Probe  
  35  3:34  Pylon  
  35  3:37  Probe (Chrono Boost)  
  36  3:42  Probe (Chrono Boost)  
  38  3:49  Probe (Chrono Boost)  
  38  3:51  Gateway  
  38  3:53  Probe (Chrono Boost)  
  41  3:55  Zealot  
  41  3:57  Probe (Chrono Boost)  
  41  4:01  Probe  
  42  4:04  Probe  
  44  4:11  Assimilator  
  44  4:16  Robotics Facility  
  44  4:22  Twilight Council  
  44  4:25  Probe  
  44  4:30  Probe  
  48  4:31  Zealot (Chrono Boost)  
  48  4:38  Probe  
  49  4:39  Pylon  
  49  4:42  Probe  
  49  4:43  Zealot (Chrono Boost)  
  49  4:45  Assimilator  
  50  4:50  Probe  
  50  4:51  Photon Cannon  
  51  4:56  Cybernetics Core  
  51  5:02  Zealot x2  
  53  5:09  Photon Cannon  
  47  5:15  Pylon  
  45  5:23  Pylon  
  45  5:26  Immortal (Chrono Boost)  
Tags
 
Add a new tag
Caveats
  • Supply blocks, unpowered buildings, or Contaminate may cause inaccurate times.
  • Supply counts are checked every 10 seconds.